 Dungeon Crawl Stone Soup version 0.19.1-1-g22dce08 (webtiles) character file.

29829 RaHiT the Thaumaturge (level 13, -9/83 HPs)
             Began as a Mummy Conjurer on Dec 26, 2016.
             Was a High Priest of Vehumet.
             Mangled by a polar bear (15 damage)
             ... on level 4 of the Lair of Beasts on Jan 5, 2017.
             The game lasted 02:42:29 (19266 turns).

RaHiT the Thaumaturge (Mummy Conjurer)             Turns: 19266, Time: 02:42:30

Health: -9/83      AC:  9    Str: 15    XL:     13   Next: 17%
Magic:  12/29      EV: 12    Int: 18    God:    Vehumet [*****.]
Gold:   933        SH:  8    Dex: 19    Spells: 10 memorised, 11 levels left

rFire  x . .     SeeInvis .     H - +6 flail "Hekoridgh" {freeze, rN+ MR+ Str+3 Stlth+}
rCold  + . .     Gourm    .     e - +2 robe {MR+}
rNeg   + + +     Faith    .     t - +2 buckler
rPois  ∞         Spirit   .     D - +0 helmet
rElec  .         Reflect  .     F - +2 cloak
rCorr  +         Harm     .     (no gloves)
MR     +++..                    i - +0 pair of boots
Stlth  +++.......               (no amulet)
                                P - ring "Onlu Moj" {Wiz Dex+6}
                                r - ring of resist corrosion

@: no status effects
A: no food or potions, fire vulnerability, cold resistance 1, negative energy
resistance 3, torment resistance, unbreathing, in touch with death 1
a: Renounce Religion


You were on level 4 of the Lair of Beasts.
You worshipped Vehumet.
Vehumet was extremely pleased with you.
You were not hungry.

You visited 3 branches of the dungeon, and saw 16 of its levels.
You also visited: Ice Cave.

You collected 933 gold pieces.

Inventory:

Hand Weapons
 l - a +2 quarterstaff of protection
 v - a +1 dagger of venom
 x - a +5 long sword
 y - a +0 broad axe of flaming
 B - a +0 scimitar of flaming
 E - a +1 whip of flaming
 H - the +6 flail "Hekoridgh" (weapon) {freeze, rN+ MR+ Str+3 Stlth+}
   (You found it on level 11 of the Dungeon)

   It has been specially enchanted to freeze those struck by it, causing extra
   injury to most foes and up to half again as much damage against particularly
   susceptible opponents.
   It can also slow down cold-blooded creatures.
   It affects your strength (+3).
   It protects you from negative energy.
   It affects your resistance to hostile enchantments.
   It makes you more stealthy.
Missiles
 j - 33 poisoned needles
Armour
 e - a +2 robe of magic resistance (worn)
 i - a +0 pair of boots (worn)
 k - a +1 leather armour of fire resistance
 t - a +2 buckler (worn)
 D - a +0 helmet (worn)
 F - a +2 cloak (worn)
Magical Staves
 u - an uncursed staff of poison
Rods
 q - a +1 rod of inaccuracy (3/10)
   (You found it on level 4 of the Dungeon)
Jewellery
 g - an uncursed ring of flight
 r - a ring of resist corrosion (left hand)
 P - the ring "Onlu Moj" (right hand) {Wiz Dex+6}
   (You found it on level 3 of the Lair of Beasts)

   [ring of wizardry]

   It improves your spell success rate.
   It affects your dexterity (+6).
Wands
 b - a wand of polymorph (14/24)
 n - a wand of teleportation (4/9)
 p - a wand of iceblast (3/15)
 A - a wand of slowing (14/48)
 G - a wand of slowing (28/48)
 J - a wand of iceblast (9/15)
 L - a wand of random effects (23/48)
Scrolls
 a - 2 scrolls of immolation
 c - 2 scrolls of noise
 d - a scroll of magic mapping
 f - 5 scrolls of fog
 h - 4 scrolls of amnesia
 m - a scroll of blinking
 o - a scroll of teleportation
 s - 2 scrolls of fear {unknown}
 w - 5 scrolls of remove curse
 z - a scroll of enchant armour
 C - 2 scrolls of brand weapon {unknown}
 K - a scroll of holy word
 N - 2 scrolls of acquirement {unknown}
 O - a scroll of torment {unknown}
Miscellaneous
 I - a lamp of fire (inert)


   Skills:
 * Level 1.8 Fighting
 - Level 1.5 Dodging
 - Level 1.5 Stealth
 - Level 5.0 Shields
 - Level 12.1 Spellcasting
 - Level 11.0 Conjurations
 - Level 10.1 Evocations


You had 11 spell levels left.
You knew the following spells:

 Your Spells              Type           Power        Failure   Level  Hunger
a - Magic Dart            Conj           ####         1%          1    N/A
b - Dazzling Spray        Conj/Hex       ####..       1%          3    N/A
c - Iskenderun's Mystic   Conj           ######..     1%          4    N/A
d - Summon Small Mammal   Summ           ##..         3%          1    N/A
e - Iskenderun's Battles  Conj/Chrm      ####....     2%          5    N/A
f - Apportation           Tloc           ##........   3%          1    N/A
g - Animate Skeleton      Necr           N/A          3%          1    N/A
h - Ignite Poison         Fire/Tmut/Pois ##......     2%          3    N/A
i - Airstrike             Air            ##........   11%         4    N/A
q - Searing Ray           Conj           ######       1%          2    N/A

Dungeon Overview and Level Annotations

Branches:
Dungeon (11/15)            Temple (1/1) D:5            Lair (4/6) D:10
 Shoals (0/4) Lair:2       Spider (0/4) Lair:3
    Orc: D:9-12

Altars:
Ashenzari
Cheibriados
Dithmenos
Elyvilon
Fedhas
Gozag
Hepliaklqana
Kikubaaqudgha
Makhleb
Nemelex Xobeh
Okawaru
Qazlal
Ru
Sif Muna
Trog
Uskayaw
Vehumet
Xom
Yredelemnul
Zin
The Shining One

Shops:
D:4 %   D:6 %

Annotations:
D:9 centwar


Innate Abilities, Weirdness & Mutations

You do not eat or drink.
Your flesh is vulnerable to fire.
You are immune to poison.
Your flesh is cold resistant. (rC+)
You are immune to negative energy. (rN+++)
You are immune to unholy pain and torment.
You can survive without breathing.
You are in touch with the powers of death.


Message History

Casting: Dazzling Spray
Confirm with . or Enter, or press ? or * to list all spells.
Aiming: Dazzling Spray
Press: ? - help, Shift-Dir - straight line, f/p - polar bear
Aim: a polar bear (heavily wounded, blind)
The spray of energy hits the polar bear.
The polar bear is severely wounded.
Your battlesphere fires!
The barrage of energy hits the polar bear.
The polar bear is severely wounded.
Your battlesphere expends the last of its energy and dissipates.
The polar bear bites you!
* * * LOW HITPOINT WARNING * * *
The polar bear closely misses you. x2
Evoke which item? (* to show all) (? for menu, Esc to quit)
Aim the lamp in which direction?
Press: ? - help, Dir - move target cursor, f/p - polar bear
Aim: a polar bear (severely wounded, blind)
The flames dance!
The polar bear bites you!
You die...

##### ########### ### ###
#.PP####.#.##.#..######.## ###.##
....#.#.....#............###.....
.............§............P......
................@........P.......
...............§h§...............
...............§.§...............
..............§..§...............
..............§...§..............
#............#.§..§......#P......
######.........§..§##.....P......
#.........<.§§...............
##......................<....


You could see a polar bear (blind).

Vanquished Creatures
  Fannar (D:11)
  6 hydras
  Erica (D:8)
  2 hill giants (D:10)
  Pikel (D:9)
  2 ugly things (IceCv)
  A manticore (Lair:2)
  An ice statue (IceCv)
  5 spiny frogs
  A rime drake (Lair:1)
  4 komodo dragons
  A troll (D:9)
  A queen bee (D:10)
  10 blink frogs
  7 hippogriffs
  A wyvern (D:8)
  Eustachio (D:6)
  31 yaks
  A steam dragon (D:8)
  2 basilisks (Lair:1)
  Menkaure (D:5)
  6 porcupines
  10 water moccasins
  16 ice beasts
  7 orc warriors
  2 slaves (D:9)
  A black bear (D:11)
  A sky beast (D:5)
  6 ogres
  5 wolves
  6 centaurs
  4 crocodiles
  A gnoll sergeant (D:8)
  15 bullfrogs
  A scorpion (D:10)
  24 killer bees (D:10)
  4 wights (D:6)
  2 crimson imps
  A centaur zombie (D:7)
  A quasit (D:9)
  3 hounds
  3 bullfrog skeletons
  6 orc priests
  3 jellies
  A centaur skeleton (D:7)
  Terence (D:3)
  5 iguanas
  9 orc wizards
  12 worker ants
  A killer bee zombie (D:7)
  A hound zombie (D:11)
  A hound skeleton (D:4)
  9 gnolls
  A howler monkey skeleton (D:3)
  12 adders
  A river rat (Lair:2)
  3 shadow imps
  An ooze (D:6)
  An adder skeleton (D:8)
  A worm (D:4)
  2 dart slugs
  7 leopard geckos
  44 orcs
  4 bat zombies (D:4)
  13 giant cockroaches
  6 goblins
  8 hobgoblins
  6 jackals
  8 kobolds
  7 quokkas
  A ball python (D:1)
  2 bats (D:2)
  6 frilled lizards
  A jackal zombie (D:5)
  A quokka skeleton (D:7)
  8 rats
  2 rat zombies (D:4)
  A plant (Lair:2)
396 creatures vanquished.

Vanquished Creatures (collateral kills)
  2 hippogriffs
  A blink frog (Lair:3)
  A basilisk (Lair:3)
  3 yaks
  A mottled dragon (D:11)
  3 water moccasins
  A porcupine (Lair:3)
  A wolf (Lair:3)
  A crocodile (Lair:3)
  A bullfrog (Lair:3)
  A howler monkey skeleton (D:11)
16 creatures vanquished.

Vanquished Creatures (others)
  A cyclops (D:11)
  2 slaves (D:9)
  4 fungi
  4 plants
11 creatures vanquished.

Grand Total: 423 creatures vanquished

Notes
Turn   | Place    | Note
-------+----------+-------------------------------------------
     0 | D:1      | RaHiT the Mummy Conjurer began the quest for the Orb.
     0 | D:1      | Reached XP level 1. HP: 13/13 MP: 3/3
   577 | D:1      | Reached XP level 2. HP: 19/19 MP: 0/5
   633 | D:1      | Learned a level 2 spell: Searing Ray
   909 | D:1      | Reached skill level 3 in Spellcasting
  1341 | D:1      | Reached XP level 3. HP: 24/24 MP: 0/7
  2321 | D:2      | Learned a level 3 spell: Dazzling Spray
  2422 | D:3      | Reached skill level 4 in Spellcasting
  2555 | D:3      | Found a shattered altar of Ashenzari.
  2607 | D:3      | Reached XP level 4. HP: 30/30 MP: 6/10
  2859 | D:3      | Noticed Terence
  2906 | D:4      | Found Xymekea's Food Shoppe.
  3233 | D:4      | Reached XP level 5. HP: 34/35 MP: 9/12
  3332 | D:4      | Found an ancient bone altar of Kikubaaqudgha.
  3407 | D:4      | Found a sparkling altar of Nemelex Xobeh.
  3445 | D:4      | Reached skill level 5 in Spellcasting
  3571 | D:4      | Identified a +0 rod of inaccuracy (9/9) (You found it on level 4 of the Dungeon)
  3741 | D:4      | Noticed an ogre
  3750 | D:4      | Killed an ogre
  3750 | D:4      | Reached XP level 6. HP: 41/41 MP: 7/13
  3884 | D:3      | Killed Terence
  4203 | D:3      | Reached skill level 5 in Conjurations
  4438 | D:5      | Entered Level 5 of the Dungeon
  4446 | D:5      | Noticed Menkaure
  4455 | D:5      | Killed Menkaure
  4455 | D:5      | Reached XP level 7. HP: 46/46 MP: 6/15
  4520 | D:5      | Found a bloodstained altar of Trog.
  4631 | D:5      | Reached skill level 6 in Spellcasting
  4790 | D:5      | Found a glowing golden altar of the Shining One.
  4835 | D:5      | Found a staircase to the Ecumenical Temple.
  4842 | Temple   | Entered the Ecumenical Temple
  4958 | Temple   | Became a worshipper of Vehumet
  5021 | D:5      | Learned a level 4 spell: Iskenderun's Mystic Blast
  5023 | D:5      | Reached skill level 7 in Spellcasting
  5260 | D:5      | Learned a level 1 spell: Summon Small Mammal
  5301 | D:6      | Reached XP level 8. HP: 47/52 MP: 11/19
  5572 | D:6      | Reached skill level 8 in Spellcasting
  5594 | D:6      | Found Pikatz's Food Emporium.
  5656 | D:6      | Noticed Eustachio
  5721 | D:6      | Killed Eustachio
  5822 | D:6      | Found a burning altar of Makhleb.
  6424 | D:7      | Reached * piety under Vehumet
  6424 | D:7      | Offered knowledge of Shock by Vehumet.
  6795 | D:7      | Reached XP level 9. HP: 57/57 MP: 19/21
  6914 | D:7      | Got a bloodstained hand axe
  6915 | D:7      | Identified the +7 hand axe of Yschimno {holy, *Rage MR++ MP+9} (You found it on level 7 of the Dungeon)
  7509 | D:8      | Reached ** piety under Vehumet
  7509 | D:8      | Offered knowledge of Freeze by Vehumet.
  7923 | D:8      | Learned a level 5 spell: Iskenderun's Battlesphere
  8360 | D:8      | Noticed Erica
  8746 | D:8      | Killed Erica
  8746 | D:8      | Reached skill level 10 in Conjurations
  8746 | D:8      | Reached XP level 10. HP: 63/63 MP: 22/22
  9394 | D:9      | Noticed Pikel
  9550 | D:9      | Reached skill level 9 in Spellcasting
  9830 | D:9      | Found a shimmering altar of Xom.
  9831 | D:9      | Found an opulent altar of Gozag.
  9895 | D:9      | Offered knowledge of Throw Flame by Vehumet.
  9959 | D:9      | Killed Pikel
 10244 | D:9      | Noticed a centaur warrior
 10551 | D:10     | Entered Level 10 of the Dungeon
 10648 | D:10     | Found an iron altar of Okawaru.
 10868 | D:10     | Reached skill level 10 in Spellcasting
 10888 | D:10     | Noticed a hill giant
 11057 | D:10     | Killed a hill giant
 11449 | D:10     | Reached skill level 11 in Spellcasting
 11452 | D:10     | Reached *** piety under Vehumet
 11835 | D:10     | Reached XP level 11. HP: 45/68 MP: 19/26
 11909 | D:10     | Offered knowledge of Olgreb's Toxic Radiance by Vehumet.
 12161 | D:10     | Found a staircase to the Lair.
 12166 | D:10     | Noticed a hill giant
 12175 | D:10     | Killed a hill giant
 12276 | Lair:1   | Entered Level 1 of the Lair of Beasts
 12283 | Lair:1   | Learned a level 1 spell: Apportation
 12285 | Lair:1   | Learned a level 1 spell: Animate Skeleton
 12391 | D:11     | Noticed Fannar
 12404 | D:11     | Killed Fannar
 12404 | D:11     | Reached skill level 12 in Spellcasting
 12496 | D:11     | Got a crude flail
 12497 | D:11     | Identified the +6 flail "Hekoridgh" {freeze, rN+ MR+ Str+3 Stlth+} (You found it on level 11 of the Dungeon)
 12670 | D:11     | Reached skill level 1 in Shields
 13940 | Lair:1   | Found a shimmering altar of Xom.
 13950 | Lair:1   | Reached **** piety under Vehumet
 14158 | Lair:1   | Offered knowledge of Ignite Poison by Vehumet.
 14337 | Lair:1   | Noticed a five-headed hydra
 14357 | Lair:1   | Killed a five-headed hydra
 14357 | Lair:1   | Reached skill level 5 in Shields
 14700 | Lair:1   | Reached skill level 1 in Evocations
 15179 | Lair:1   | Learned a level 3 spell: Ignite Poison
 15229 | Lair:1   | Reached XP level 12. HP: 74/74 MP: 16/28
 15408 | Lair:1   | Noticed a four-headed hydra
 15423 | Lair:1   | Killed a four-headed hydra
 15616 | Lair:1   | Upgraded the game from 0.19.1 to 0.19.1-1-g22dce08
 15898 | Lair:2   | Found a frozen archway.
 15911 | Lair:2   | Reached skill level 5 in Evocations
 16099 | IceCv    | Entered an ice cave
 16798 | Lair:2   | Noticed an eight-headed hydra
 16805 | Lair:2   | Killed an eight-headed hydra
 17121 | Lair:2   | Found a staircase to the Shoals.
 17179 | Lair:2   | Reached ***** piety under Vehumet
 17501 | Lair:2   | Offered knowledge of Airstrike by Vehumet.
 17507 | Lair:2   | Learned a level 4 spell: Airstrike
 17781 | Lair:3   | Got a pitted lapis lazuli ring
 17801 | Lair:3   | Identified the ring "Onlu Moj" {Wiz Dex+6} (You found it on level 3 of the Lair of Beasts)
 18435 | Lair:3   | Found a hole to the Spider Nest.
 18518 | Lair:3   | Noticed a five-headed hydra
 18530 | Lair:3   | Killed a five-headed hydra
 18530 | Lair:3   | Gained mutation: You are in touch with the powers of death. [Mummy growth]
 18530 | Lair:3   | Reached XP level 13. HP: 79/79 MP: 25/29
 18824 | Lair:4   | Reached skill level 10 in Evocations
 19232 | Lair:4   | Reached skill level 1 in Fighting
 19266 | Lair:4   | Mangled by a polar bear

Skill      XL: |  1  2  3  4  5  6  7  8  9 10 11 12 13 |
---------------+----------------------------------------+-----
Spellcasting   | 3 4 5 7 8 11 12 | 12.1
Conjurations   | 4 5 7 10 11 | 11.0
Shields        | 5 |  5.0
Evocations     | 3 9 10 | 10.1
Fighting       | 1 |  1.8
Dodging        | |  1.5
Stealth        | |  1.5

Action                   |  1- 3 |  4- 6 |  7- 9 | 10-12 | 13-15 || total
-------------------------+-------+-------+-------+-------+-------++-------
Melee: Unarmed           |     8 |       |       |       |       ||     8
       Quarterstaff      |       |    41 |       |       |       ||    41
       Dagger            |       |       |    38 |       |       ||    38
       Whip              |       |       |       |    27 |       ||    27
       Flail             |       |       |       |    20 |    16 ||    36
 Cast: Magic Dart        |   109 |    60 |   105 |   156 |     8 ||   438
       Searing Ray       |     3 |     9 |    66 |   113 |     7 ||   198
       Iskenderun's Myst |       |       |     4 |    62 |     3 ||    69
       Summon Small Mamm |       |       |       |     1 |       ||     1
       Iskenderun's Batt |       |       |       |    44 |     6 ||    50
       Animate Skeleton  |       |       |       |    48 |     4 ||    52
       Dazzling Spray    |       |       |       |    10 |    13 ||    23
Evoke: Rod               |       |    11 |    34 |    57 |     6 ||   108
       Wand              |       |       |       |    12 |       ||    12
       Lamp of fire      |       |       |       |     1 |     1 ||     2
  Use: Scroll            |       |     4 |     6 |    13 |     3 ||    26
Armor: Robe              |     5 |    36 |    42 |   103 |     8 ||   194
Dodge: Dodged            |    16 |    60 |    87 |   194 |    12 ||   369
Block: Buckler           |       |       |       |    52 |    11 ||    63
